 Dungeon Crawl Stone Soup version 0.15-a0-1646-g393eda0 (console) character file.

193 cocytus the Ruffian (level 5, -5/45 HPs)
             Began as a Draconian Monk on June 21, 2014.
             Killed from afar by an orc wizard (8 damage)
             ... with a magic dart
             ... on Level 4 of the Dungeon.
             The game lasted 00:03:48 (865 turns).

cocytus the Ruffian (Draconian Monk)                 Turns: 865, Time: 00:03:48

HP  -5/45        AC  6     Str 14      XL: 5   Next: 43%
MP   5/5         EV 13     Int 11      God:
Gold 108         SH  0     Dex 13      Spells:  0 memorised,  4 levels left

rFire  . . .     SeeInvis .       - Unarmed
rCold  . . .     Clarity  .     (armour unavailable)
rNeg   . . .     rCorr    .     (no shield)
rPois  .         rRot     .     (helmet restricted)
rElec  .         Spirit   .     (no cloak)
SustAb .         Warding  .     (no gloves)
rMut   .         Stasis   .     i - +0 pair of boots
Gourm  .                        (no amulet)
MR     .....                    (no ring)
                                (no ring)

@: not resistant to hostile enchantments, unstealthy
A: unfitting armour, cold-blooded, AC +5
a: no special abilities


You were on level 4 of the Dungeon.
You were not hungry.

You visited 1 branch of the dungeon, and saw 4 of its levels.

You collected 108 gold pieces.

Inventory:

Hand weapons
 k - a +0 scythe
Armour
 h - a +0 shield
 i - a +0 pair of boots (worn)
Comestibles
 b - a bread ration
Scrolls
 a - 3 scrolls of identify {unknown}
 g - a scroll of amnesia {unknown}
 j - a scroll of noise {unknown}
Potions
 e - a potion of poison {unknown}
 f - a potion of confusion {unknown}
 l - a potion of invisibility {unknown}
 m - a potion of curing {unknown}


   Skills:
 - Level 3.2 Fighting
 - Level 2.6 Dodging
 - Level 1.7 Stealth
 + Level 6.8 Unarmed Combat


You had 4 spell levels left.
You didn't know any spells.

Dungeon Overview and Level Annotations

Branches:
Dungeon (4/15)
 Temple: D:4-7

Altars:
Yredelemnul

Annotations:
D:3 Mutation's ghost, weakling OgMo


Innate Abilities, Weirdness & Mutations

Your plain brown scales are hard (AC +5).
Your body does not fit into most forms of armour.
Your cold-blooded metabolism reacts poorly to cold.


Message History

The orc misses you.
The orc priest prays to Beogh.
You feel troubled. The orc hits you with a flail!
You hit the orc priest.
The orc priest is severely wounded.
The orc hits you but does no damage. The orc barely misses you.
The orc priest invokes the aid of Beogh against you.
Something smites you!
* * * LOW HITPOINT WARNING * * *
Drink which item? (? for menu, Esc to quit)
You feel refreshed.
It was a potion of restore abilities.
The orc barely misses you.
The orc priest hits you but does no damage.
The orc hits you but does no damage.
Drink which item? (? for menu, Esc to quit)
Magic courses through your body.
It was a potion of magic.
The orc closely misses you.
You hear some strange, mumbled words.
The magic dart hits you!
You die...

###..#### #.## #..#
#..# ###.# ###...##
####......#
####.oo......#
#....!@......#
.......oo.......#
.............(..#
.....(...........#
..................#
...######........
## #$...... ###...#
#


You could see an orc priest and 3 orcs.

Vanquished Creatures
  Sigmund (D:3)
  3 gnolls (D:2)
  5 adders
  A giant mite (D:3)
  A worm (D:2)
  2 giant geckos
  An orc (D:3)
  A ball python (D:3)
  2 bats (D:1)
  6 hobgoblins
  2 quokkas
  3 giant cockroaches
  2 giant newts
  3 goblins
  3 kobolds
  3 rats
39 creatures vanquished.

Notes
Turn   | Place    | Note
--------------------------------------------------------------
     0 | D:1      | cocytus, the Draconian Monk, began the quest for the Orb.
     0 | D:1      | Reached XP level 1. HP: 19/19 MP: 1/1
   112 | D:1      | Reached XP level 2. HP: 10/26 MP: 2/2
   277 | D:2      | Reached skill level 5 in Unarmed Combat
   277 | D:2      | Reached XP level 3. HP: 20/31 MP: 3/3
   496 | D:3      | Reached XP level 4. HP: 28/38 MP: 4/4
   568 | D:3      | Noticed Sigmund
   579 | D:3      | Killed Sigmund
   579 | D:3      | Reached skill level 6 in Unarmed Combat
   579 | D:3      | Reached XP level 5. HP: 7/45 MP: 5/5
   639 | D:3      | Found a basalt altar of Yredelemnul.
   761 | D:3      | Noticed Mutation's ghost (weakling OgMo)
   863 | D:4      | HP: 2/45 [orc priest/divine providence (13)]
   865 | D:4      | Killed from afar by an orc wizard

Action                   |  1- 3 |  4- 6 || total
-------------------------+-------+-------++-------
Melee: Unarmed           |    94 |    52 ||   146
  Use: Potion            |       |     2 ||     2
 Stab: Sleeping          |       |     1 ||     1
